 Dungeon Crawl Stone Soup version 0.30-a0-283-gf371ce1921 (webtiles) character file.

Game seed: 17744764748638384800

696 AarnesTheHuman the Blocker (level 7, -1/43 (52) HPs)
             Began as a Formicid Fighter on Oct 17, 2022.
             Was an Initiate of Wu Jian.
             Slain by a wight
             ... wielding a +1 morningstar
              (5 damage)
             ... on level 6 of the Dungeon.
             The game lasted 00:05:44 (4342 turns).

AarnesTheHuman the Blocker (Formicid Fighter)       Turns: 4342, Time: 00:05:44

HP:   -1/43 (52)    AC: 10    Str: 23    XL:     7   Next: 97%
MP:   7/7           EV: 11    Int:  7    God:    Wu Jian [......]
Gold: 254           SH:  6    Dex: 13    Spells: 6/6 levels left

rFire   + . .      SeeInvis +    a - +1 war axe
rCold   . . .      Faith    .    c - +0 buckler
rNeg    . . .      Spirit   .    m - +1 chain mail {rF+}
rPois   .          Reflect  .    (helmet unavailable)
rElec   .          Harm     .    (no cloak)
rCorr   .          Rampage  .    (no gloves)
Will    .....                    (no boots)
Stlth   ..........               (no amulet)
HPRegen 0.27/turn                n - +4 ring of evasion
MPRegen 0.10/turn                (no ring)

@: heavily drained
A: permanent stasis, dig shafts and tunnels, antennae 3, four strong arms
a: Dig, Shaft Self, Renounce Religion


You were on level 6 of the Dungeon.
You worshipped Wu Jian.
Wu Jian was noncommittal.
You visited 2 branches of the dungeon, and saw 6 of its levels.

You collected 254 gold pieces.

Inventory:

Hand Weapons
 a - a +1 war axe (weapon)
 w - a +5 club
Missiles
 e - 7 boomerangs (quivered)
 g - 18 stones
 s - 6 poisoned darts
Armour
 b - a +0 scale mail
 c - a +0 buckler (worn)
 m - a +1 chain mail of fire resistance (worn)
Jewellery
 n - a +4 ring of evasion (left hand)
 y - an amulet of the acrobat
Wands
 p - a wand of charming (11)
 v - a wand of mindburst (9)
Scrolls
 l - 3 scrolls of teleportation
 q - a scroll of enchant weapon
 r - a scroll of magic mapping {unknown}
 t - a scroll of enchant armour {unknown}
 x - 2 scrolls of summoning {unknown}
 A - a scroll of noise {unknown}
Potions
 d - a potion of might
 f - 4 potions of invisibility
 h - 3 potions of curing {unknown}
 i - a potion of berserk rage {unknown}
 j - 3 potions of heal wounds
 k - 2 potions of brilliance {unknown}
 o - 2 potions of haste {unknown}
 u - 2 potions of mutation {unknown}
 z - 2 potions of degeneration {unknown}


   Skills:
 - Level 3.2 Fighting
 + Level 6.5 Axes
 - Level 3.2 Armour
 - Level 8.0 Shields


You had 6 spell levels left.
You didn't know any spells.
Your spell library contained the following spells:

 Spells                   Type           Power      Damage    Failure   Level
 Apportation              Tloc           0%         N/A       99%         1
 Necrotise                Necr           0%         1d4       99%         1
 Summon Small Mammal      Summ           0%         N/A       99%         1


Dungeon Overview and Level Annotations

Branches:
Dungeon (4/15)             Temple (1/1) D:4

Altars:
Cheibriados
Dithmenos
Elyvilon
Fedhas
Gozag
Hepliaklqana
Kikubaaqudgha
Nemelex Xobeh
Qazlal
Ru
Sif Muna
Trog
Wu Jian
Yredelemnul
Zin
The Shining One

Shops:
D:2 (?*(   D:4 :

Annotations:
D:3 exclusion: downstairs


Innate Abilities, Weirdness & Mutations

You cannot be hasted, slowed, berserked, paralysed or teleported.
You can dig through walls and to a lower floor.
You have a pair of large antennae on your head. (SInv)
Your four strong arms can wield two-handed weapons with a shield.


Message History

The wight is heavily damaged.
The wight hits you with a +1 morningstar.
You feel drained.
You closely miss the wight.
The wight is heavily damaged.
The wight barely misses you.
You hit the wight but do no damage.
The wight is heavily damaged.
The wight completely misses you.
You hit the wight but do no damage.
The wight is heavily damaged.
The wight hits you with a +1 morningstar.
You barely miss the wight.
The wight is heavily damaged.
The wight barely misses you.
The wight hits you with a +1 morningstar.
You hit the wight.
The wight is severely damaged.
The wight hits you with a +1 morningstar.
You feel drained.
You hit the wight but do no damage.
The wight is severely damaged.
The wight completely misses you.
You barely miss the wight.
The wight is severely damaged.
You block the wight's attack.
You hit the wight but do no damage.
The wight is severely damaged.
You block the wight's attack.
You barely miss the wight.
The wight is severely damaged.
You block the wight's attack.
You barely miss the wight.
The wight is severely damaged.
The wight hits you with a +1 morningstar.
You feel drained.
The wight hits you with a +1 morningstar!
* * * LOW HITPOINT WARNING * * *
You feel drained.
You die...

### #.###########
#...........#
#.#########@# #.#
#z# ###'#### #.#
####!.....# ..#
#.........# ...#
#.........# ....#
..........# .....#
.........####....#
..................


You could see a wight.

Vanquished Creatures
  Grinder (D:3)
  An ogre (D:4)
  A scorpion (D:4)
  A wight (D:6)
  2 hounds (D:4)
  Ijyb (D:4)
  Terence (D:3)
  2 iguanas (D:4)
  4 adders
  7 dart slugs
  3 worms
  An orc (D:3)
  5 ball pythons
  6 endoplasms
  3 giant cockroaches
  6 goblins
  6 hobgoblins
  4 jackals (D:1)
  5 kobolds
  4 quokkas
  7 bats
  4 frilled lizards (D:1)
  6 rats
81 creatures vanquished.

Vanquished Creatures (others)
  4 plants
4 creatures vanquished.

Grand Total: 85 creatures vanquished

Notes
Turn   | Place    | Note
-------+----------+-------------------------------------------
     0 | D:1      | AarnesTheHuman the Formicid Fighter began the quest for the
                  | Orb.
     0 | D:1      | Reached XP level 1. HP: 18/18 MP: 1/1
   107 | D:1      | Reached XP level 2. HP: 24/24 MP: 2/2
   253 | D:1      | Reached XP level 3. HP: 29/29 MP: 3/3
   624 | D:1      | Reached skill level 5 in Shields
  1308 | D:2      | Found Xecoaner's Antique Weapon Shop.
  1324 | D:2      | Found Cufat's Assorted Antiques.
  1491 | D:2      | Found Suytro's Weapon Boutique.
  1527 | D:2      | Reached XP level 4. HP: 35/35 MP: 4/4
  1538 | D:2      | Found Bulima's Magic Scroll Shop.
  2252 | D:3      | Noticed Terence
  2262 | D:3      | Killed Terence
  2263 | D:3      | Reached XP level 5. HP: 29/41 MP: 5/5
  2490 | D:3      | Noticed Grinder
  2502 | D:3      | Killed Grinder
  2503 | D:3      | Reached skill level 7 in Shields
  2503 | D:3      | Reached XP level 6. HP: 30/47 MP: 6/6
  3015 | D:4      | Noticed Ijyb
  3052 | D:4      | Found Anneosez's Vocational Training.
  3063 | D:4      | Reached skill level 5 in Axes
  3063 | D:4      | Reached XP level 7. HP: 44/52 MP: 7/7
  3115 | D:4      | Found a staircase to the Ecumenical Temple.
  3122 | Temple   | Entered the Ecumenical Temple
  3245 | Temple   | Became a worshipper of the Wu Jian Council
  3315 | D:4      | Reached skill level 8 in Shields
  3848 | D:4      | Killed Ijyb
  4296 | D:4      | You fall into a shaft and drop 2 floors!
  4342 | D:6      | Slain by a wight

Illustrated notes

Levels and vault maps discovered:
D:1:      kennysheep_arrival_seaside, layout_basic, serial_forest,
          infiniplex_forest_straight_4, infiniplex_forest_clump_curved,
          infiniplex_forest_3_way, infiniplex_forest_end_1,
          infiniplex_forest_lined_1, infiniplex_forest_clump_small,
          infiniplex_forest_lined_2, infiniplex_forest_clump_double,
          infiniplex_forest_end_3, infiniplex_forest_straight_3
D:2:      layout_basic, serial_shops, shop, shop_fountains, shop, shop,
          dk_noncrumbling_2
D:3:      layout_loops_ring, uniq_grinder, uniq_terence
D:4:      cheibrodos_old_hovel, layout_cave_pods,
          minmay_temple_entry_stoned_glass, nicolae_shop_vocational, uniq_ijyb
D:6:      layout_basic, solitary_fountain, minmay_misc_feat_alley
Temple:   kb_temple_of_zot

Skill      XL: |  1  2  3  4  5  6  7 |
---------------+----------------------+-----
Shields        | 5 7 8 |  8.0
Axes           | 3 4 5 6 |  6.5
Fighting       | |  3.2
Armour         | |  3.2

Action                   |  1- 3 |  4- 6 |  7- 9 || total
-------------------------+-------+-------+-------++-------
Melee: War axe           |    78 |    84 |    77 ||   239
Throw: Boomerang         |       |       |     7 ||     7
       Dart              |       |       |     3 ||     3
Invok: Lunge             |       |       |     4 ||     4
  Use: Scroll            |       |     6 |       ||     6
Armor: Scale mail        |    43 |    20 |       ||    63
       Chain mail        |       |     8 |    19 ||    27
Dodge: Dodged            |    41 |    41 |    30 ||   112
Block: Buckler           |    14 |    19 |    10 ||    43

Table legend: (Time is in decaauts)
 A = Elapsed time spent in this place.
 B = Non-inter-level travel time spent in this place.
 C = Inter-level travel time spent in this place.
 D = Time resting spent in this place.
 E = Time spent auto-exploring this place.
 F = Levels seen in this place.
 G = Mean time per level.
                   A        B        C        D        E       F      G
               +--------+--------+--------+--------+--------+-----+--------+
         Total |   4424 |   4246 |    178 |    494 |   2999 |   6 |  737.3 |
       Dungeon |   4274 |   4149 |    125 |    494 |   2920 |   5 |  854.8 |
        Temple |    149 |     96 |     53 |      0 |     79 |   1 |  149.0 |
               +--------+--------+--------+--------+--------+-----+--------+

Top non-repeatable levels by time:
     D:1: 1333 daAuts
     D:3: 1189 daAuts
     D:2: 923 daAuts
     D:4: 779 daAuts
  Temple: 149 daAuts
     D:6: 48 daAuts
